 Dungeon Crawl Stone Soup version 0.21-a0-517-gd76cfe0 (webtiles) character file.

1085 slep the Chopper (level 8, -3/70 HPs)
             Began as a Minotaur Monk on Dec 3, 2017.
             Slain by a scorpion (4 damage)
             ... on level 6 of the Dungeon.
             The game lasted 00:16:44 (4295 turns).

slep the Chopper (Minotaur Monk)                    Turns: 4295, Time: 00:16:45

Health: -3/70      AC:  6    Str: 16    XL:     8   Next: 9%
Magic:  7/7        EV: 15    Int:  7    God:
Gold:   171        SH:  0    Dex: 15    Spells: 7/7 levels left

rFire    . . .     SeeInvis .   a - +0 hand axe
rCold    . . .     Gourm    .   (no shield)
rNeg     . . .     Faith    .   e - +0 leather armour
rPois    .         Spirit   .   (helmet restricted)
rElec    .         Reflect  .   l - +2 cloak
rCorr    .         Harm     .   (no gloves)
MR       .....                  (no boots)
Stlth    ++........             (no amulet)
HPRegen  0.21/turn              (no ring)
MPRegen  0.10/turn              (no ring)

@: lethally poisoned (-3 -> -10)
A: retaliatory headbutt, horns 2
a: no special abilities


You were on level 6 of the Dungeon.
You were not hungry.

You visited 1 branch of the dungeon, and saw 6 of its levels.

You collected 171 gold pieces.

Inventory:

Hand Weapons
 a - a +0 hand axe (weapon)
Armour
 b - a +0 robe
 e - a +0 leather armour (worn)
 l - a +2 cloak (worn)
Magical Staves
 m - an uncursed staff of wizardry
Scrolls
 f - 6 scrolls of identify {unknown}
 g - a scroll of remove curse {unknown}
 h - a scroll of immolation {unknown}
 k - 2 scrolls of enchant weapon {unknown}
 p - a scroll of blinking {unknown}
 r - a scroll of teleportation {unknown}
Potions
 i - a potion of ambrosia
 j - a potion of berserk rage
 o - a potion of degeneration {unknown}
 q - a potion of haste
 s - a potion of brilliance {unknown}
 t - 2 potions of mutation {unknown}
Comestibles
 c - 3 bread rations
 d - 4 meat rations
 n - 5 fruits
 u - 2 royal jellies


   Skills:
 + Level 6.0 Fighting
 + Level 7.8 Axes
 + Level 4.1 Armour
 + Level 5.2 Dodging
 + Level 3.5 Stealth


You had 7 spell levels left.
You didn't know any spells.

Dungeon Overview and Level Annotations

Branches:
Dungeon (6/15)
 Temple: D:4-7

Altars:
Fedhas
Makhleb
Nemelex Xobeh
Qazlal
Ru
Trog
Vehumet

Shops:
D:4 ??


Innate Abilities, Weirdness & Mutations

You reflexively headbutt those who attack you in melee.
You have a pair of horns on your head.


Message History

The scorpion is lightly wounded.
The scorpion stings you!
* * * LOW HITPOINT WARNING * * *
You hit the scorpion.
The scorpion is lightly wounded.
The scorpion stings you!
* * * LOW HITPOINT WARNING * * *
You are lethally poisoned!
The scorpion poisons you!
You barely miss the scorpion. Your headbutt misses the scorpion.
The scorpion is lightly wounded.
* * * LOW HITPOINT WARNING * * *
You feel sick. The scorpion misses you. You furiously retaliate!
You headbutt the scorpion.
All of the chunks of flesh in your inventory have rotted away.
You hit the scorpion.
The scorpion is moderately wounded.
* * * LOW HITPOINT WARNING * * *
You feel sick. The scorpion stings you.
You die...

.........#####...####
######'### ###...#
#.....###.....######.
###.#.#.##.............
##.).._..+.............#
#..#.#.#.#.......>.....#
..##.....#.##..........#
######+#### #..........#
#...@s..)..#
#..........#
#..$.......#
#..........#
#......>...#
#........<.#
############


You could see a scorpion.

Vanquished Creatures
  A sky beast (D:5)
  3 ogres
  A bullfrog (D:6)
  2 scorpions (D:4)
  2 hounds (D:3)
  Crazy Yiuf (D:4)
  A jelly (D:5)
  An iguana (D:6)
  Natasha (thrice) (D:4)
  4 worker ants (D:4)
  A hound zombie (D:5)
  A mummy (D:4)
  The ghost of lpl32 the Ducker, a weakling FeMo (D:4)
  Robin (D:2)
  A gnoll (D:3)
  12 adders
  An ooze (D:1)
  An adder zombie (D:5)
  2 worms
  A dart slug (D:1)
  3 leopard geckos
  2 orcs
  2 ball pythons
  13 bats
  7 giant cockroaches
  14 goblins
  7 hobgoblins
  4 jackals (D:4)
  A kobold (D:3)
  3 quokkas
  7 frilled lizards
  2 hobgoblin zombies (D:4)
  A kobold zombie (D:4)
  An orc zombie (D:4)
  A quokka skeleton (D:5)
  8 rats
117 creatures vanquished.

Notes
Turn   | Place    | Note
-------+----------+-------------------------------------------
     0 | D:1      | slep the Minotaur Monk began the quest for the Orb.
     0 | D:1      | Reached XP level 1. HP: 19/19 MP: 0/0
   128 | D:1      | Reached XP level 2. HP: 26/27 MP: 1/1
   183 | D:1      | Reached skill level 4 in Axes
   588 | D:2      | Noticed Robin
   591 | D:2      | Reached XP level 3. HP: 31/33 MP: 2/2
   604 | D:2      | Killed Robin
   701 | D:2      | Reached XP level 4. HP: 11/41 MP: 3/3
   720 | D:2      | Found a radiant altar of Vehumet.
  1034 | D:2      | Found a bloodstained altar of Trog.
  1072 | D:2      | Reached skill level 5 in Axes
  1269 | D:3      | Reached skill level 1 in Armour
  1405 | D:3      | Reached XP level 5. HP: 24/47 MP: 4/4
  2042 | D:4      | Noticed lpl32's ghost (weakling FeMo)
  2318 | D:4      | Killed lpl32's ghost
  2318 | D:4      | Reached XP level 6. HP: 44/55 MP: 5/5
  2325 | D:4      | Noticed Natasha
  2336 | D:4      | Killed Natasha
  2336 | D:4      | Reached skill level 5 in Fighting
  2365 | D:4      | Noticed Natasha
  2423 | D:4      | Killed Natasha
  2620 | D:4      | Found a sparkling altar of Nemelex Xobeh.
  2627 | D:4      | Reached skill level 6 in Axes
  2658 | D:4      | Found Quastro's Magic Scroll Boutique.
  2732 | D:4      | Found a burning altar of Makhleb.
  2903 | D:4      | Found a blossoming altar of Fedhas.
  3000 | D:4      | Reached XP level 7. HP: 46/61 MP: 6/6
  3040 | D:4      | Noticed Natasha
  3045 | D:4      | Killed Natasha
  3162 | D:4      | Found Soarghia's Magic Scroll Emporium.
  3216 | D:4      | Found a sacrificial altar of Ru.
  3242 | D:4      | Found a runed door.
  3495 | D:4      | Noticed Crazy Yiuf
  3502 | D:4      | Killed Crazy Yiuf
  3544 | D:5      | Entered Level 5 of the Dungeon
  3949 | D:5      | Reached skill level 7 in Axes
  4138 | D:5      | Reached skill level 5 in Dodging
  4254 | D:6      | Found a stormy altar of Qazlal.
  4267 | D:6      | Reached XP level 8. HP: 11/70 MP: 7/7
  4293 | D:6      | HP: 3/70 [scorpion (7)]
  4295 | D:6      | HP: 1/70 [poisoned by a scorpion]
  4295 | D:6      | Slain by a scorpion

Vault maps used:
D:1:      dpeg_arrival_snail
D:2:      vehumet_crystals, bloody_trog, uniq_robin
D:3:      cheibrodos_gnoll_hut
D:4:      overflow_temple_1_default, nemelex_xobeh_ov_fountains_minmay,
          kennysheep_mini_moat, marbit_many_paths, serial_shops,
          nicolae_shop_trees, kennysheep_mini, minmay_mini_ossuary,
          uniq_crazy_yiuf_cottage, uniq_natasha
D:5:      first_bread
D:6:      old_standard_altar, kennysheep_little_box, zin_statuary,
          minmay_temple_entry_fiery

Skill      XL: |  1  2  3  4  5  6  7  8 |
---------------+-------------------------+-----
Axes           | 4 5 6 7 |  7.8
Fighting       | 4 5 6 |  6.0
Dodging        | 4 5 |  5.2
Armour         | 1 2 3 4 |  4.1
Stealth        | 2 3 |  3.5

Action                   |  1- 3 |  4- 6 |  7- 9 || total
-------------------------+-------+-------+-------++-------
Melee: Hand axe          |    70 |   164 |   105 ||   339
       Headbutt          |    14 |    28 |    25 ||    67
  Use: Potion            |       |     5 |     1 ||     6
 Stab: Sleeping          |     2 |     8 |     7 ||    17
  Eat: Chunk             |       |     6 |     5 ||    11
Armor: Robe              |    15 |       |       ||    15
       Leather armour    |     9 |    14 |    13 ||    36
       Skin              |       |     3 |       ||     3
Dodge: Dodged            |    56 |   124 |    69 ||   249

Table legend:
 A = Spawn XP
 B = Non-spawn XP
 C = Spawn XP percentage of total XP
 D = Spawn monster count
 E = Non-spawn monster count
 F = Spawn count percentage of total count
 G = Total turns spent on level
                    A         B        C        D         E        F      G
               +---------+---------+-------+---------+---------+-------+---------
         Total |       0 |    1550 |   0.0 |       0 |     117 |   0.0 |  4295
               +---------+---------+-------+---------+---------+-------+---------
           D:1 |       0 |      38 |   0.0 |       0 |      19 |   0.0 |   493
           D:2 |       0 |     118 |   0.0 |       0 |      33 |   0.0 |   690
           D:3 |       0 |     156 |   0.0 |       0 |      18 |   0.0 |  1110
           D:4 |       0 |     645 |   0.0 |       0 |      28 |   0.0 |  1251
           D:5 |       0 |     231 |   0.0 |       0 |      14 |   0.0 |   650
           D:6 |       0 |     362 |   0.0 |       0 |       5 |   0.0 |   101
               +---------+---------+-------+---------+---------+-------+---------
